 Dungeon Crawl Stone Soup version 0.29-a0-648-g6b26cc9f40 (webtiles) character file.

Game seed: 15071091363383998649

136 Querens the Shield-Bearer (level 5, -1/46 HPs)
             Began as a Meteoran Fighter on June 20, 2022.
             Slain by an orc priest
             ... wielding a +0 club
              (3 damage)
             ... on level 3 of the Dungeon.
             The game lasted 00:03:31 (985 turns).

Querens the Shield-Bearer (Meteoran Fighter)         Turns: 985, Time: 00:03:32

Health: -1/46      AC: 12    Str: 20    XL:     5   Next: 71%
Magic:  6/6        EV: 25    Int:  9    God:
Gold:   25         SH:  5    Dex: 13    Spells: 4/4 levels left

rFire   . . .      SeeInvis .   a - +0 war axe (flame)
rCold   . . .      Faith    .   c - +0 buckler
rNeg    . . .      Spirit   .   b - +0 scale mail
rPois   .          Reflect  .   (no helmet)
rElec   .          Harm     .   (no cloak)
rCorr   .          Rampage  .   j - +0 pair of gloves
Will    .....                   (no boots)
Stlth   ..........              g - amulet of the acrobat
HPRegen 0.15/turn               f - +4 ring of protection
MPRegen 0.10/turn               (no ring)

@: mighty, acrobatic, glowing
A: sense surroundings 1, otherworldly, glowing, explore regen
a: no special abilities


You were on level 3 of the Dungeon.
You visited 1 branch of the dungeon, and saw 3 of its levels.

You collected 25 gold pieces.

Inventory:

Hand Weapons
 a - a +0 war axe of flaming (weapon)
Armour
 b - a +0 scale mail (worn)
 c - a +0 buckler (worn)
 j - a +0 pair of gloves (worn)
Jewellery
 f - a +4 ring of protection (left hand)
 g - an amulet of the acrobat (around neck)
Wands
 p - a wand of flame (25)
Scrolls
 h - a scroll of poison {unknown}
 k - a scroll of identify {unknown}
 m - a scroll of noise {unknown}
Potions
 d - a potion of might
 i - a potion of heal wounds {unknown}
 l - a potion of curing {unknown}
 n - a potion of degeneration {unknown}
 o - a potion of magic {unknown}


   Skills:
 + Level 4.1 Fighting
 + Level 3.6 Axes
 + Level 4.5 Armour
 + Level 1.7 Dodging
 + Level 4.5 Shields


You had 4 spell levels left.
You didn't know any spells.
Your spell library was empty.

Dungeon Overview and Level Annotations

Branches:
Dungeon (3/15) Zot: 730

Altars:
Ru


Innate Abilities, Weirdness & Mutations

You passively map a small area around you.
You are easily found by Zot.
You glow in the dark.
You regain HP and MP as you explore.


Message History

Unknown command.
You barely miss the goblin. You hit the orc. You burn the orc.
You kill the orc!
You barely miss the jackal. x2
The jackal bites you but does no damage.
You block the jackal's attack. You block the goblin's attack.
The jackal closely misses you. The jackal barely misses you.
The goblin hits you with a +0 short sword.
* * * LOW HITPOINT WARNING * * *
Unknown command.
Unknown command.
Unknown command.
You barely miss the goblin. You closely miss the jackal. You miss the jackal.
You block the jackal's attack.
The jackal bites you but does no damage. x3
You block the goblin's attack.
Unknown command.
Unknown command.
Unknown command.
You slice the goblin!! You burn the goblin.
You kill the goblin!
You closely miss the jackal. You slash the jackal! You burn the jackal.
You kill the jackal!
The jackal bites you.
* * * LOW HITPOINT WARNING * * *
The jackal bites you but does no damage.
Unknown command.
Unknown command.
The jackal attacks as you move away! You block the jackal's attack.
The jackal barely misses you.
Things that are here:
a +0 club; a +0 leather armour; an orc corpse The orc priest calls upon Beogh to heal something.
You block the jackal's attack.
The orc priest calls down the wrath of Beogh upon you.
Beogh smites you!
* * * LOW HITPOINT WARNING * * *
The jackal barely misses you. The orc priest hits you with a +0 club.
You die...

, , , .. * , * ** .. ,
, 8 , #..#.# * # *
*#..#.# .# , ,,
..#.####.##
######.#........
#...##..........
*#....@oo........
*#..h###.........
#.##...####........
#........o.)####.##
###....(.)#)## .#
#.......#..###.#####
#...!..)..##.........#
#.#.......##.........#
#
#.#.......##.........#
#


You could see an orc priest, an orc and a jackal.

Vanquished Creatures
  2 orc wizards (D:3)
  3 adders
  7 orcs (D:3)
  2 endoplasms
  A giant cockroach (D:1)
  4 goblins
  6 hobgoblins
  5 jackals
  4 kobolds
  A quokka (D:1)
  5 ball pythons
  3 bats
  5 frilled lizards
  5 rats
53 creatures vanquished.

Notes
Turn   | Place    | Note
-------+----------+-------------------------------------------
     0 | D:1      | Querens the Meteoran Fighter began the quest for the Orb.
     0 | D:1      | Reached XP level 1. HP: 19/19 MP: 2/2
    47 | D:1      | Reached XP level 2. HP: 23/26 MP: 3/3
   116 | D:1      | Found a faded altar of an unknown god.
   164 | D:1      | Reached XP level 3. HP: 27/31 MP: 4/4
   734 | D:2      | Reached XP level 4. HP: 40/40 MP: 5/5
   905 | D:3      | Reached skill level 1 in Dodging
   906 | D:3      | Reached XP level 5. HP: 44/46 MP: 6/6
   921 | D:3      | Found a sacrificial altar of Ru.
   984 | D:3      | HP: 2/46 [orc priest/divine providence (12)]
   985 | D:3      | Slain by an orc priest

Illustrated notes

Levels and vault maps discovered:
D:1:      psy_arrival_radial02, layout_rooms, shapermc_ecumenical_altar_venn,
          hex_medium
D:2:      wander_river, layout_basic, hangedman_abyss_or_decor_stabs,
          chequers_serial_rivers_large_b
D:3:      kennysheep_the_goblin_king, layout_basic, lemuel_tele_altar,
          uniq_crazy_yiuf_cottage

Skill      XL: |  1  2  3  4  5 |
---------------+----------------+-----
Shields        | 4 |  4.5
Armour         | 4 |  4.5
Axes           | 3 |  3.6
Dodging        | 1 |  1.7
Fighting       | 4 |  4.1

Action                   |  1- 3 |  4- 6 || total
-------------------------+-------+-------++-------
Melee: War axe           |    73 |    32 ||   105
  Use: Scroll            |       |     1 ||     1
       Potion            |       |     1 ||     1
Armor: Scale mail        |    51 |    44 ||    95
Dodge: Dodged            |    39 |    36 ||    75
Block: Buckler           |    30 |    22 ||    52

Table legend: (Time is in decaauts)
 A = Elapsed time spent in this place.
 B = Non-inter-level travel time spent in this place.
 C = Inter-level travel time spent in this place.
 D = Time resting spent in this place.
 E = Time spent auto-exploring this place.
 F = Levels seen in this place.
 G = Mean time per level.
                   A        B        C        D        E       F      G
               +--------+--------+--------+--------+--------+-----+--------+
         Total |   1068 |   1032 |     36 |      0 |      0 |   3 |  356.0 |
       Dungeon |   1068 |   1032 |     36 |      0 |      0 |   3 |  356.0 |
               +--------+--------+--------+--------+--------+-----+--------+

Top non-repeatable levels by time:
     D:2: 646 daAuts
     D:1: 307 daAuts
     D:3: 115 daAuts
